 Dungeon Crawl Stone Soup version 0.23.2-40-g277498a001 (webtiles) character file.

Game seed: 17473788241287622100

10245 FishyPogo the Fighter (level 11, -1/90 HPs)
             Began as a Demonspawn Assassin on Oct 5, 2019.
             Was a High Priest of Makhleb.
             Slain by an eight-headed hydra (2 damage)
             ... on level 1 of the Lair of Beasts on Oct 6, 2019.
             The game lasted 00:55:06 (9179 turns).

FishyPogo the Fighter (Demonspawn Assassin)         Turns: 9179, Time: 00:55:06

Health: -1/90      AC: 10    Str: 12    XL:     11   Next: 33%
Magic:  17/17      EV: 18    Int: 12    God:    Makhleb [*****.]
Gold:   515        SH:  0    Dex: 26    Spells: 6/10 levels left

rFire    . . .     SeeInvis +   a - +12 morningstar of Tumult {flame, +Inv Dex+5 SInv}
rCold    . . .     Gourm    .   (no shield)
rNeg     . . .     Faith    .   C - +1 leather armour {MR+}
rPois    .         Spirit   .   (helmet restricted)
rElec    .         Reflect  .   d - +0 cloak
rCorr    .         Harm     .   (no gloves)
MR       +....                  M - +0 pair of boots
Stlth    ++++......             x - amulet of regeneration
HPRegen  0.65/turn              U - +3 ring of dexterity
MPRegen  0.15/turn              H - ring of stealth

@: no status effects
A: antennae 2, iridescent scales 2, spiny 1
a: Minor Destruction, Lesser Servant of Makhleb, Major Destruction, Greater
Servant of Makhleb, Renounce Religion, Evoke Invisibility


You were on level 1 of the Lair of Beasts.
You worshipped Makhleb.
Makhleb was extremely pleased with you.
You were not hungry.

You visited 2 branches of the dungeon, and saw 12 of its levels.
You also visited: Ossuary.

You collected 740 gold pieces.
You spent 225 gold pieces at shops.

Inventory:

Hand Weapons
 a - the +12 morningstar of Tumult (weapon) {flame, +Inv Dex+5 SInv}
   (You bought it in a shop on level 10 of the Dungeon)

   It has been specially enchanted to burn those struck by it, causing extra
   injury to most foes and up to half again as much damage against particularly
   susceptible opponents.
   It affects your dexterity (+5).
   It lets you see invisible.
   It lets you turn invisible.
 b - a +4 blowgun
Missiles
 e - 68 poisoned needles
 f - 10 curare-tipped needles
 i - 236 stones
 q - 2 tomahawks of returning (quivered)
 s - 71 sling bullets
 J - 2 javelins
 O - 10 tomahawks
Armour
 c - a +0 robe
 d - a +0 cloak (worn)
 C - a +1 leather armour of magic resistance (worn)
 E - a cursed +0 robe
 G - a +0 robe of fire resistance
 M - a +0 pair of boots (worn)
Jewellery
 w - a +2 amulet of reflection
 x - an amulet of regeneration (around neck)
 B - an uncursed ring of poison resistance
 H - a ring of stealth (right hand)
 Q - an uncursed ring of ice
 U - a +3 ring of dexterity (left hand)
Wands
 t - a wand of polymorph (20)
 A - a wand of paralysis (6)
 P - a wand of iceblast (20)
 T - a wand of acid (7)
Scrolls
 h - a scroll of immolation {unknown}
 m - 10 scrolls of identify
 p - 8 scrolls of remove curse
 v - 4 scrolls of teleportation
 y - a scroll of blinking
 K - a scroll of amnesia
 L - a scroll of enchant weapon {unknown}
 N - 2 scrolls of enchant armour {unknown}
Potions
 j - a potion of mutation {unknown}
 k - 2 potions of ambrosia {unknown}
 l - a potion of flight
 n - 4 potions of heal wounds
 o - 2 potions of degeneration
 r - 8 potions of curing
 u - 3 potions of lignification {unknown}
 z - 2 potions of brilliance
 D - a potion of invisibility {unknown}
 F - 2 potions of cancellation {unknown}
Miscellaneous
 S - a lamp of fire
Comestibles
 g - 20 rations
 I - 21 chunks of flesh


   Skills:
 - Level 10.1 Fighting
   Level 4.1 Short Blades
 * Level 4.6 Maces & Flails
 - Level 4.1 Throwing
 + Level 2.1 Armour
 - Level 7.0 Dodging
 - Level 4.0 Stealth
 - Level 5.0 Hexes
 - Level 4.0 Fire Magic
 - Level 9.0 Invocations


You had 6 spell levels left.
You knew the following spells:

 Your Spells              Type           Power        Failure   Level  Hunger
d - Confusing Touch       Hex            ##....       5%          1    ##.....
e - Inner Flame           Hex/Fire       ##......     21%         3    ####...

Your spell library contained the following spells:

 Spells                   Type           Power        Failure   Level  Hunger
 Confuse                  Hex            ##......     16%         3    ####...
 Freeze                   Ice            #...         38%         1    ##.....
 Magic Dart               Conj           #...         38%         1    ##.....
 Dazzling Spray           Conj/Hex       #.....       41%         3    ####...
 Summon Guardian Golem    Hex/Summ       #.......     41%         3    ####...
 Cause Fear               Hex            ##........   47%         4    #####..
 Searing Ray              Conj           #.....       54%         2    ###....
 Throw Frost              Conj/Ice       #.....       54%         2    ###....
 Gell's Gravitas          Tloc           #.........   77%         3    ####...
 Ozocubu's Armour         Chrm/Ice       #.......     77%         3    ####...
 Fulminant Prism          Conj/Hex       #.........   83%         4    #####..
 Force Lance              Conj/Tloc      #.......     99%         4    #####..
 Iskenderun's Mystic Bla  Conj           #.......     99%         4    #####..
 Petrify                  Tmut/Erth      #.......     99%         4    #####..
 Summon Ice Beast         Ice/Summ       #.......     99%         4    #####..
 Throw Icicle             Conj/Ice       #.......     99%         4    #####..
 Metabolic Englaciation   Hex/Ice        #.........   99%         5    ######.
 Yara's Violent Unravell  Hex/Tmut       #.........   99%         5    ######.
 Lee's Rapid Deconstruct  Erth           #.........   100%        5    ######.


Dungeon Overview and Level Annotations

Branches:
Dungeon (11/15)            Temple (0/1) D:6            Lair (1/6) D:8
    Orc: D:9-12

Altars:
Fedhas
Makhleb
Sif Muna
Trog
Xom
The Shining One

Shops:
D:10 *

Annotations:
D:5 2 transporters, exclusion: quasit, ciphuk's ghost, novice GnVM


Innate Abilities, Weirdness & Mutations

You have a pair of antennae on your head.
You are mostly covered in iridescent scales. (AC +4)
You are partially covered in sharp spines.


Message History

The eight-headed hydra bites you! The eight-headed hydra misses you.
The eight-headed hydra closely misses you.
The eight-headed hydra barely misses you.
The eight-headed hydra closely misses you.
The eight-headed hydra bites you.
* * * LOW HITPOINT WARNING * * *
The eight-headed hydra bites you.
* * * LOW HITPOINT WARNING * * *
The eight-headed hydra bites you!
* * * LOW HITPOINT WARNING * * *
The eight-headed hydra is struck by your spines.
The eight-headed hydra closely misses you.
The eight-headed hydra barely misses you.
The eight-headed hydra misses you.
The eight-headed hydra barely misses you.
The eight-headed hydra closely misses you.
The eight-headed hydra bites you.
* * * LOW HITPOINT WARNING * * *
The eight-headed hydra bites you.
You die...

P.......... #(.........
##.... ##.......%..
#..... P..........
#P.... #..........
#..... ##..........
#....######...D.......
###.............@.......
.............P######....
#..........## ##....#
##.........# .....#
#.........# #....#
#.#####รท..# #....# #.
#...# #.)..# #{ #...###
#....##
#...#.######....P#


You could see an eight-headed hydra.

Vanquished Creatures
  An ugly thing (D:11)
  An elephant (D:8)
  A black mamba (Lair:1)
  A gargoyle (D:11)
  2 kobold demonologists (D:11)
  A troll (D:11)
  2 hippogriffs
  Sigmund (D:5)
  A wraith (D:11)
  15 yaks
  A black bear (D:7)
  3 orc warriors
  3 sky beasts
  An ogre (D:9)
  3 phantoms
  2 centaurs (D:5)
  2 crocodiles (D:8)
  4 big kobolds
  An elf zombie (Ossuary)
  7 bullfrogs
  A wyvern zombie (D:11)
  2 wyvern skeletons
  6 killer bees (D:9)
  6 scorpions
  3 wights (D:9)
  2 howler monkeys
  2 centaur zombies
  6 crimson imps
  2 quasits (D:7)
  A bullfrog zombie (D:6)
  5 jellies
  5 orc priests
  9 orc wizards
  6 hounds
  3 centaur skeletons
  Jessica (D:3)
  2 iguanas
  5 worker ants
  4 big kobold zombies (Ossuary)
  3 hound zombies
  3 mummies (Ossuary)
  Robin (D:2)
  5 gnolls
  15 adders
  An ooze (D:2)
  3 adder zombies (Ossuary)
  2 worms (D:2)
  2 dart slugs
  3 leopard geckos
  25 orcs
  10 bats
  4 giant cockroaches
  16 goblins
  14 hobgoblins
  8 jackals
  4 quokkas
  10 ball pythons
  5 frilled lizards
  2 gnoll zombies (Ossuary)
  6 goblin zombies (Ossuary)
  2 hobgoblin zombies (Ossuary)
  A jackal skeleton (D:6)
  3 jackal zombies (Ossuary)
  27 kobolds
  2 kobold zombies (Ossuary)
  2 leopard gecko skeletons (D:4)
  2 leopard gecko zombies
  4 orc zombies (Ossuary)
  2 quokka skeletons (D:9)
  6 quokka zombies
  11 rats
  5 rat zombies (Ossuary)
333 creatures vanquished.

Vanquished Creatures (collateral kills)
  2 orc warriors
  An orc wizard (D:10)
  5 orcs
  A kobold (D:11)
9 creatures vanquished.

Vanquished Creatures (others)
  2 yaks (D:10)
  A fungus (D:8)
3 creatures vanquished.

Grand Total: 345 creatures vanquished

Notes
Turn   | Place    | Note
-------+----------+-------------------------------------------
     0 | D:1      | FishyPogo the Demonspawn Assassin began the quest for the
                  | Orb.
     0 | D:1      | Reached XP level 1. HP: 16/16 MP: 1/1
    44 | D:1      | Reached skill level 1 in Dodging
   233 | D:1      | Gained mutation: You are partially covered in sharp spines.
                  | [demonic ancestry]
   233 | D:1      | Reached XP level 2. HP: 22/22 MP: 2/2
   464 | D:1      | Reached XP level 3. HP: 28/28 MP: 3/3
   752 | D:2      | Found a bloodstained altar of Trog.
   752 | D:2      | Found a burning altar of Makhleb.
   755 | D:2      | Found a deep blue altar of Sif Muna.
   760 | D:2      | Became a worshipper of Makhleb the Destroyer
   811 | D:2      | Found a shimmering altar of Xom.
   918 | D:2      | Noticed Robin
   919 | D:2      | Reached skill level 3 in Fighting
   944 | D:2      | Killed Robin
   944 | D:2      | Reached XP level 4. HP: 26/35 MP: 4/4
   959 | D:2      | Reached * piety under Makhleb
  1509 | D:2      | Gained mutation: You are partially covered in iridescent
                  | scales. (AC +2) [demonic ancestry]
  1509 | D:2      | Reached XP level 5. HP: 40/41 MP: 5/5
  1725 | D:3      | Reached skill level 4 in Fighting
  1926 | D:3      | Reached ** piety under Makhleb
  2025 | D:3      | Noticed Jessica
  2032 | D:3      | Killed Jessica
  2240 | D:3      | Gained mutation: You have a pair of small antennae on your
                  | head. [demonic ancestry]
  2240 | D:3      | Reached XP level 6. HP: 49/49 MP: 6/6
  2458 | D:4      | Noticed an orc warrior
  2821 | D:4      | Killed an orc warrior
  2821 | D:4      | Reached skill level 5 in Fighting
  2832 | D:4      | Reached XP level 7. HP: 19/56 MP: 7/7
  3033 | D:5      | Entered Level 5 of the Dungeon
  3084 | D:5      | Noticed Sigmund
  3105 | D:5      | Killed Sigmund
  3111 | D:5      | Reached skill level 6 in Fighting
  3473 | D:5      | Learned a level 1 spell: Confusing Touch
  3584 | D:5      | Reached skill level 1 in Hexes
  3584 | D:5      | Reached skill level 1 in Invocations
  3584 | D:5      | Gained mutation: You have a pair of antennae on your head.
                  | [demonic ancestry]
  3584 | D:5      | Reached XP level 8. HP: 50/65 MP: 6/9
  3727 | D:5      | Found a transporter.
  3727 | D:5      | Noticed ciphuk's ghost (novice GnVM)
  4067 | D:5      | Found a transporter.
  4107 | D:6      | Found a staircase to the Ecumenical Temple.
  4183 | D:6      | Reached *** piety under Makhleb
  4450 | D:6      | Reached skill level 7 in Fighting
  4656 | D:6      | Found a glowing golden altar of the Shining One.
  4996 | D:7      | Reached skill level 5 in Invocations
  4996 | D:7      | Gained mutation: You are mostly covered in iridescent
                  | scales. (AC +4) [demonic ancestry]
  4996 | D:7      | Reached XP level 9. HP: 72/72 MP: 12/12
  5224 | D:7      | Identified the Reference Book on Earthen Enchantment
  5230 | D:7      | Learned a level 3 spell: Inner Flame
  5400 | D:7      | Reached skill level 1 in Fire Magic
  5441 | D:7      | Found a blossoming altar of Fedhas.
  5685 | D:8      | Found a staircase to the Lair.
  5685 | D:8      | Noticed an elephant
  5835 | D:8      | Killed an elephant
  5835 | D:8      | Reached skill level 8 in Fighting
  5835 | D:8      | Reached skill level 5 in Dodging
  5925 | D:8      | Reached **** piety under Makhleb
  6021 | D:8      | Found a sand-covered staircase.
  6039 | Ossuary  | Entered an ossuary
  6306 | Ossuary  | Reached ***** piety under Makhleb
  6853 | D:9      | Reached skill level 5 in Hexes
  6864 | D:9      | Reached XP level 10. HP: 81/82 MP: 12/14
  6907 | D:9      | Got an encrusted scimitar
  6908 | D:9      | Identified the +2 scimitar of the Twelve Lies {distort,
                  | rElec rN+ Str+4} (You found it on level 9 of the Dungeon)
  7152 | D:9      | Reached skill level 9 in Fighting
  7378 | D:10     | Entered Level 10 of the Dungeon
  7592 | D:10     | Reached skill level 10 in Fighting
  7718 | D:10     | Found Jaowker's Assorted Antiques.
  7723 | D:10     | Bought a twisted morningstar for 225 gold pieces
  7723 | D:10     | Identified the +12 morningstar of Tumult {flame, +Inv Dex+5
                  | SInv} (You bought it in a shop on level 10 of the Dungeon)
  8261 | D:11     | Reached skill level 1 in Maces & Flails
  8501 | D:11     | Noticed a gargoyle
  8516 | D:11     | Killed a gargoyle
  8518 | D:11     | Noticed a white ugly thing
  8525 | D:11     | Killed a white ugly thing
  8525 | D:11     | Reached XP level 11. HP: 70/90 MP: 17/17
  8563 | D:11     | Noticed a sun demon
  8871 | D:11     | Reached skill level 1 in Armour
  9056 | Lair:1   | Entered Level 1 of the Lair of Beasts
  9123 | Lair:1   | Noticed an eight-headed hydra
  9179 | Lair:1   | HP: 3/90 [eight-headed hydra (15)]
  9179 | Lair:1   | HP: 1/90 [eight-headed hydra (2)]
  9179 | Lair:1   | Slain by an eight-headed hydra

Skill      XL: |  1  2  3  4  5  6  7  8  9 10 11 |
---------------+----------------------------------+-----
Dodging        | 1 2 3 4 5 6 7 |  7.0
Short Blades   | 2 3 4 |  4.1
Throwing       | 2 3 4 |  4.1
Fighting       | 3 4 5 6 7 8 10 | 10.1
Stealth        | 4 |  4.0
Hexes          | 1 3 5 |  5.0
Invocations    | 1 5 6 8 9 |  9.0
Fire Magic     | 3 4 |  4.0
Maces & Flails | 2 4 |  4.6
Armour         | 2 |  2.1

Action                   |  1- 3 |  4- 6 |  7- 9 | 10-12 || total
-------------------------+-------+-------+-------+-------++-------
Melee: Dagger            |   101 |   135 |   438 |     1 ||   675
       Scimitar          |       |       |       |    90 ||    90
       Morningstar       |       |       |       |    85 ||    85
 Fire: Hunting sling     |       |    12 |     6 |       ||    18
Throw: Stone             |       |     2 |    15 |     3 ||    20
       Javelin           |       |       |     3 |       ||     3
       Tomahawk          |       |       |       |     4 ||     4
 Cast: Confusing Touch   |       |       |    54 |     4 ||    58
       Inner Flame       |       |       |       |     1 ||     1
Invok: Minor Destruction |       |       |    25 |    39 ||    64
       Major Destruction |       |       |       |     3 ||     3
       Lesser Servant of |       |       |       |     2 ||     2
  Use: Potion            |       |       |     3 |     3 ||     6
       Scroll            |       |       |    10 |       ||    10
 Stab: Sleeping          |     6 |    12 |    18 |     9 ||    45
       Distracted        |       |     1 |       |     1 ||     2
       Confused          |       |       |    18 |     3 ||    21
  Eat: Chunk             |       |     6 |    17 |     8 ||    31
Armor: Robe              |    23 |    25 |     7 |       ||    55
       Skin              |       |       |    24 |       ||    24
       Leather armour    |       |       |    95 |    49 ||   144
Dodge: Dodged            |    47 |    81 |   223 |   178 ||   529
       Rpst.: Scimitar   |       |       |       |    24 ||    24
